 Dungeon Crawl Stone Soup version 0.29.0-5-ge4962eb29e (webtiles) character file.

Game seed: 6347665886226973794

603 WhatIsLove the Covered (level 7, 0/62 HPs)
             Began as a Hill Orc Monk on Aug 29, 2022.
             Was a Believer of Beogh.
             Slain by a gnoll
             ... wielding a +0 halberd
              (9 damage)
             ... on level 5 of the Dungeon.
             The game lasted 00:04:57 (4271 turns).

WhatIsLove the Covered (Hill Orc Monk)              Turns: 4271, Time: 00:04:58

Health: 0/62       AC: 15    Str: 16    XL:     7   Next: 42%
Magic:  7/7        EV:  5    Int: 10    God:    Beogh [**....]
Gold:   112        SH:  0    Dex: 13    Spells: 6/6 levels left

rFire   . . .      SeeInvis .   a - +0 war axe (freeze)
rCold   . . .      Faith    .   (no shield)
rNeg    . . .      Spirit   .   e - +0 plate armour
rPois   .          Reflect  .   (no helmet)
rElec   .          Harm     .   D - +0 cloak
rCorr   .          Rampage  .   (no gloves)
Will    .....                   v - +0 pair of boots
Stlth   ..........              (no amulet)
HPRegen 0.20/turn               (no ring)
MPRegen 0.10/turn               (no ring)

@: no status effects
A: no striking features
a: Renounce Religion, Smiting


You were on level 5 of the Dungeon.
You worshipped Beogh.
Beogh was pleased with you.
You visited 1 branch of the dungeon, and saw 5 of its levels.

You collected 162 gold pieces.
You spent 50 gold pieces at shops.

Inventory:

Hand Weapons
 a - a +0 war axe of freezing (weapon)
 h - a +0 war axe
 j - the +7 staff of the Meek {protect, meekguard}
   (You found it on level 2 of the Dungeon)

   It grants its wielder temporary protection when it strikes (+7 to AC).
   It provides extra protection to wielders with little health.
 r - a +1 scythe of freezing
Armour
 e - a +0 plate armour (worn)
 v - a +0 pair of boots (worn)
 D - a +0 cloak (worn)
Jewellery
 y - a +6 ring of dexterity
 A - a ring of wizardry
 E - a ring of poison resistance
Wands
 q - a wand of polymorph (4)
 z - a wand of paralysis (6)
Scrolls
 g - 8 scrolls of identify {unknown}
 i - a scroll of vulnerability {unknown}
 l - 2 scrolls of immolation {unknown}
 s - a scroll of amnesia {unknown}
 t - a scroll of teleportation {unknown}
 x - a scroll of noise {unknown}
 C - a scroll of enchant weapon {unknown}
Potions
 b - a potion of invisibility {unknown}
 c - a potion of ambrosia
 d - a potion of berserk rage {unknown}
 f - a potion of haste {unknown}
 k - a potion of flight {unknown}
 m - a potion of mutation {unknown}
 n - 2 potions of curing {unknown}
 o - a potion of might {unknown}
 p - 2 potions of cancellation {unknown}
 u - 2 potions of heal wounds
 w - 2 potions of brilliance {unknown}
 B - a potion of degeneration {unknown}


   Skills:
 + Level 5.7 Fighting
 + Level 6.0 Axes
 * Level 6.2 Armour
 - Level 2.4 Dodging
 - Level 1.5 Stealth


You had 6 spell levels left.
You didn't know any spells.
Your spell library contained the following spells:

 Spells                   Type           Power      Damage    Failure   Level
 Slow                     Hex            0%         N/A       100%        1
 Summon Small Mammal      Summ           0%         N/A       100%        1
 Call Canine Familiar     Summ           0%         N/A       100%        3
 Gell's Gravitas          Tloc           0%         N/A       100%        3
 Lesser Beckoning         Tloc           0%         N/A       100%        3
 Ozocubu's Armour         Ice            0%         N/A       100%        3
 Summon Guardian Golem    Hex/Summ       0%         N/A       100%        3
 Teleport Other           Tloc           0%         N/A       100%        3
 Orb of Destruction       Conj           0%         9d5       100%        7
 Ozocubu's Refrigeration  Ice            0%         4d7       100%        7
 Spellforged Servitor     Conj/Summ      0%         N/A       100%        7


Dungeon Overview and Level Annotations

Branches:
Dungeon (5/15)
 Temple: D:4-7

Altars:
Ashenzari
Hepliaklqana
Wu Jian
Beogh

Shops:
D:2 !


Message History

You are too injured to fight recklessly!
You are too injured to fight recklessly!
You are too injured to fight recklessly!
You are too injured to fight recklessly!
You are too injured to fight recklessly!
You are too injured to fight recklessly!
You are too injured to fight recklessly!
Unknown command.
You hit the gnoll. You freeze the gnoll.
The gnoll is severely wounded.
You closely miss the gnoll. You hit the gnoll. You freeze the gnoll.
The gnoll hits you from afar with a +0 halberd!
The gnoll hits you but does no damage. x2; The gnoll hits you with a +0 flail!
* * * LOW HITPOINT WARNING * * *
Unknown command.
You closely miss the gnoll.
The gnoll is severely wounded.
You barely miss the gnoll. You hit the gnoll. You freeze the gnoll.
You kill the gnoll!
Beogh accepts your kill. The gnoll barely misses you.
The gnoll hits you but does no damage.
The gnoll hits you from afar with a +0 halberd.
* * * LOW HITPOINT WARNING * * *
The gnoll barely misses you. The gnoll hits you but does no damage.
You barely miss the gnoll.
The gnoll is severely wounded.
The gnoll hits you but does no damage.
You slash the gnoll! You freeze the gnoll.
You kill the gnoll!
Beogh accepts your kill.
You closely miss the gnoll.
The gnoll is almost dead.
The gnoll hits you from afar with a +0 halberd.
* * * LOW HITPOINT WARNING * * *
The gnoll barely misses you.
You hit the gnoll. You freeze the gnoll.
You kill the gnoll!
Beogh accepts your kill.
The gnoll hits you from afar with a +0 halberd!
You die...

#######.#
#######
#.......#
.......
#.......#
.......
#######.......#
.......
#.............##
.......
#.#####........#
....... #.#
#[....##.#
......g###.#
#####.##..
.......)@..#
#)###.
#.....)....#
##....#
#..........#
#......
...........#
#.<....
...........#
#......
....######.#
#....[. ..#. #.#
#...... ..# #.#
#...... #......


You could see a gnoll.

Vanquished Creatures
  Edmund (D:4)
  A sky beast (D:4)
  A scorpion (D:4)
  2 hounds
  An iguana (D:4)
  Terence (D:3)
  2 orc wizards
  3 gnolls (D:5)
  5 adders
  2 worms
  4 dart slugs
  9 orcs
  12 endoplasms
  4 giant cockroaches
  9 goblins
  A hobgoblin (D:4)
  6 jackals
  5 quokkas
  3 ball pythons
  7 bats
  A frilled lizard (D:2)
  7 kobolds
  5 rats
92 creatures vanquished.

Vanquished Creatures (others)
  An orc (D:3)
  2 plants (D:1)
3 creatures vanquished.

Grand Total: 95 creatures vanquished

Notes
Turn   | Place    | Note
-------+----------+-------------------------------------------
     0 | D:1      | WhatIsLove the Hill Orc Monk began the quest for the Orb.
     0 | D:1      | Reached XP level 1. HP: 19/19 MP: 1/1
   135 | D:1      | Found a faded altar of an unknown god.
   162 | D:1      | Got Plato's Monograph on Spellbinding
   174 | D:1      | Reached skill level 1 in Armour
   181 | D:1      | Reached XP level 2. HP: 27/27 MP: 2/2
   555 | D:1      | Reached XP level 3. HP: 25/33 MP: 3/3
   941 | D:2      | Found the +7 staff of the Meek {protect, meekguard}
  1294 | D:2      | Found a broken altar of Ashenzari.
  1423 | D:2      | Noticed Sigmund
  1425 | D:2      | Noticed Sigmund
  1425 | D:2      | Sigmund changed into Sigmund the hound
  1430 | D:2      | Killed Sigmund the hound
  1431 | D:2      | Reached XP level 4. HP: 38/40 MP: 4/4
  1557 | D:2      | Found Fimo's Distillery.
  1567 | D:2      | Bought a potion of heal wounds for 50 gold pieces
  1936 | D:3      | Became a worshipper of Beogh the Brigand
  1936 | D:3      | Reached * piety under Beogh
  1936 | D:3      | Reached ** piety under Beogh
  1949 | D:3      | Reached XP level 5. HP: 43/46 MP: 5/5
  1949 | D:3      | Found a roughly hewn altar of Beogh.
  1971 | D:3      | Identified the +4 quarterstaff of Yduasiodos {protect, rF-
                  | rCorr Int+3}
  2460 | D:3      | Noticed Terence
  2469 | D:3      | Killed Terence
  2877 | D:4      | Noticed Edmund
  2909 | D:4      | HP: 1/47 [Edmund/+1 flail of protection (4)]
  2910 | D:4      | Killed Edmund
  2911 | D:4      | Reached skill level 5 in Fighting
  2911 | D:4      | Reached skill level 5 in Axes
  2911 | D:4      | Reached skill level 5 in Armour
  2911 | D:4      | Reached XP level 6. HP: 2/56 MP: 6/6
  3615 | D:4      | Noticed a sky beast
  3632 | D:4      | Killed a sky beast
  3633 | D:4      | Reached XP level 7. HP: 50/61 MP: 7/7
  3964 | D:4      | Found a hazy altar of Hepliaklqana.
  4122 | D:4      | Found an ornate altar of the Wu Jian Council.
  4188 | D:5      | Entered Level 5 of the Dungeon
  4271 | D:5      | Slain by a gnoll

Illustrated notes

Levels and vault maps discovered:
D:1:      psy_arrival_dodecagon, layout_basic,
          shapermc_ecumenical_altar_rom_forum, serial_bayou_lake_a
D:2:      layout_basic, serial_shops, nicolae_lakefront_shop, basic_altar,
          uniq_sigmund
D:3:      layout_basic, pf_guarded_unrand_meek, uniq_terence
D:4:      minmay_angry_zag, layout_rooms, mainiacjoe_overflow_two_lobes,
          uniq_edmund
D:5:      layout_basic, kennysheep_ying_yang

Skill      XL: |  1  2  3  4  5  6  7 |
---------------+----------------------+-----
Armour         | 1 2 3 4 5 6 |  6.2
Fighting       | 4 5 |  5.7
Axes           | 5 6 |  6.0
Dodging        | |  2.4
Stealth        | |  1.5

Action                   |  1- 3 |  4- 6 |  7- 9 || total
-------------------------+-------+-------+-------++-------
Melee: Hand axe          |    62 |       |       ||    62
       Punch             |     1 |     1 |     2 ||     4
       War axe           |    36 |   133 |    70 ||   239
Invok: Convert to Beogh  |       |     1 |       ||     1
Evoke: Wand              |     1 |       |       ||     1
Armor: Plate armour      |    98 |    90 |    48 ||   236
Dodge: Dodged            |    27 |    45 |    23 ||    95
